 Dungeon Crawl Stone Soup version 0.29.0-13-gc9e81de378 (webtiles) character file.

Game seed: 4700670937230922957

7952 DuloT34 the Nimble (level 11, -16/68 HPs)
             Began as a Kobold Necromancer on Sept 9, 2022.
             Was a Believer of Kikubaaqudgha.
             Demolished by a death yak (24 damage)
             ... on level 8 of the Dungeon.
             The game lasted 00:51:06 (15693 turns).

DuloT34 the Nimble (Kobold Necromancer)            Turns: 15693, Time: 00:51:06

Health: -16/68     AC: 11    Str:  3    XL:     11   Next: 46%
Magic:  5/23       EV: 26    Int: 20    God:    Kikubaaqudgha [**....]
Gold:   563        SH:  0    Dex: 26    Spells: 12/26 levels left

rFire   . . .      SeeInvis .   D - +1 dagger (venom)
rCold   . . .      Faith    .   (no shield)
rNeg    . . .      Spirit   .   a - +0 robe
rPois   .          Reflect  .   (no helmet)
rElec   .          Harm     .   m - +0 cloak
rCorr   .          Rampage  .   o - +0 pair of gloves
Will    .....                   r - +2 pair of boots "Kocvy" {Str-3 Dex+4}
Stlth   +++++.....              f - amulet of the acrobat
HPRegen 0.21/turn               p - +4 ring of protection
MPRegen 0.18/turn               C - +6 ring of dexterity

@: animating dead
A: small, no large weapons, nightstalker 3
a: Renounce Religion, Unearth Wretches


You were on level 8 of the Dungeon.
You worshipped Kikubaaqudgha.
Kikubaaqudgha was pleased with you.
You visited 2 branches of the dungeon, and saw 11 of its levels.
You also visited: Bailey.

You collected 563 gold pieces.

Inventory:

Hand Weapons
 j - a +0 dagger of holy wrath
 D - a +1 dagger of venom (weapon)
Missiles
 e - 2 curare-tipped darts
 k - a throwing net (quivered)
Armour
 a - a +0 robe (worn)
 m - a +0 cloak (worn)
 o - a +0 pair of gloves (worn)
 r - the +2 pair of boots "Kocvy" (worn) {Str-3 Dex+4}
   (You found it on level 3 of the Dungeon)

   Str:       It affects your strength (-3).
   Dex:       It affects your dexterity (+4).
Jewellery
 f - an amulet of the acrobat (around neck)
 p - a +4 ring of protection (left hand)
 C - a +6 ring of dexterity (right hand)
 E - a ring of willpower
Wands
 x - a wand of paralysis (5)
 y - a wand of flame (20)
 A - a wand of mindburst (7)
 F - a wand of polymorph (11)
Scrolls
 d - a scroll of acquirement
 l - 3 scrolls of teleportation
 q - 4 scrolls of immolation
 G - a scroll of identify
Potions
 b - 2 potions of magic
 c - a potion of brilliance
 h - 2 potions of mutation
 i - 2 potions of flight
 n - a potion of ambrosia {unknown}
 s - a potion of degeneration {unknown}
 t - a potion of haste {unknown}
 u - a potion of resistance {unknown}
 v - a potion of might
 w - a potion of attraction {unknown}
 z - 2 potions of heal wounds {unknown}
Miscellaneous
 g - a phial of floods (inert)


   Skills:
 + Level 8.2 Fighting
 + Level 10.9 Dodging
 - Level 5.0 Stealth
 - Level 8.0 Spellcasting
 + Level 10.3 Necromancy


You had 12 spell levels left.
You knew the following spells:

 Your Spells              Type           Power      Damage    Failure   Level
a - Necrotise             Necr           100%       1d9       1%          1
b - Vampiric Draining     Necr           49%        2d9       1%          3
c - Animate Dead          Necr           49%        N/A       1%          4
d - Simulacrum            Ice/Necr       14%        N/A       83%         6

Your spell library contained the following spells:

 Spells                   Type           Power      Damage    Failure   Level
 Sublimation of Blood     Necr           49%        N/A       1%          2
 Dispel Undead            Necr           49%        3d18      1%          4
 Agony                    Necr           49%        N/A       3%          5
 Ensorcelled Hibernation  Hex/Ice        16%        N/A       13%         2
 Passwall                 Tmut/Erth      6%         N/A       13%         2
 Death Channel            Necr           24%        N/A       19%         6
 Corpse Rot               Necr/Pois/Air  21%        N/A       21%         4
 Ozocubu's Armour         Ice            8%         N/A       26%         3
 Portal Projectile        Hex/Tloc       16%        N/A       26%         3
 Swiftness                Air            8%         N/A       26%         3
 Tukima's Dance           Hex            8%         N/A       26%         3
 Blade Hands              Tmut           4%         N/A       93%         5
 Metabolic Englaciation   Hex/Ice        4%         N/A       93%         5


Dungeon Overview and Level Annotations

Branches:
Dungeon (10/15)            Temple (1/1) D:4            Lair (0/5) D:8
    Orc (0/2) D:10         Bailey (visited)

Altars:
Ashenzari
Cheibriados
Dithmenos
Elyvilon
Fedhas
Kikubaaqudgha
Makhleb
Okawaru
Trog
Uskayaw
Xom
Zin

Shops:
D:4 =***   D:9 *

Annotations:
D:7 1 runed translucent door
D:9 2 runed translucent doors


Innate Abilities, Weirdness & Mutations

You are small and have problems with some larger weapons.
You are completely attuned to the shadows.


Message History

Casting: Vampiric Draining (safe; 1% risk of failure)
Confirm with . or Enter, or press ? or * to list all spells.
Aiming: Vampiric Draining (safe; 1% risk of failure)
Press: ? - help, Shift-Dir - straight line, f/p - death yak
Aim: a death yak (moderately wounded, extremely poisoned, ally target)
You draw life force from the death yak!
You feel life coursing into your body.
The death yak barely misses your hobgoblin zombie.
Your hobgoblin zombie hits the death yak but does no damage.
Casting: Vampiric Draining (safe; 1% risk of failure)
Confirm with . or Enter, or press ? or * to list all spells.
You dismiss your zombies and call upon the dead to rise afresh.
Your hobgoblin zombie crumbles into dust!
The death yak attacks as you move away! The death yak gores you!
The death yak attacks as you move away!
The death yak gores you but does no damage.
You see here 4 poisoned darts.
The death yak attacks as you move away! The death yak completely misses you.
The death yak attacks as you move away! The death yak completely misses you.
The death yak attacks as you move away! The death yak gores you!!
Casting: Animate Dead (dangerous; 1% risk of failure)
Confirm with . or Enter, or press ? or * to list all spells.
Aiming: Vampiric Draining (safe; 1% risk of failure)
Press: ? - help, Shift-Dir - straight line, f/p - death yak
Aim: a death yak (heavily wounded, very poisoned)
You draw life force from the death yak.
You feel life coursing into your body. The death yak barely misses you.
Casting: Vampiric Draining (safe; 1% risk of failure)
Confirm with . or Enter, or press ? or * to list all spells.
Aiming: Vampiric Draining (safe; 1% risk of failure)
Press: ? - help, Shift-Dir - straight line, f/p - death yak
Aim: a death yak (heavily wounded, very poisoned)
You draw life force from the death yak!
You feel life coursing into your body. The death yak gores you!!
* * * LOW HITPOINT WARNING * * *
As you read the scroll of fear, it crumbles to dust.
You assume a fearsome visage.
The death yak resists with almost no effort.
The death yak looks frightened!
The death yak gores you!!
You die...
Kikubaaqudgha rasps: "You have failed me!
Welcome... death!"

Y..Y.........#.#.[##
.####........†.#.#.## Y#
#.##..##.#..###.#
Y####.##.###.#...#.##
.##............(...# #####
Y##.#.######......##########...#
..<...# #####Y.....Z..Z.....#
###.### #Y###########...## #.#
#@# ##...# #.## ##'## #.#.# #..#
##...## #.[.# ##.### ##.....##
#####[## #.#.## ##.......##
##.###)#
####....####..)......####...##.##
...........'......<..'...........
####....####.....)...####...##.##
###..#.## ##.......## ##......#


You could see 2 death yaks.

Vanquished Creatures
  4 death yaks
  Eustachio (D:5)
  3 yaks (D:9)
  A steam dragon (D:9)
  A water moccasin (D:7)
  11 orc warriors
  A sky beast (D:6)
  An ice beast (D:6)
  2 black bears
  2 ogres
  12 centaurs
  4 kobold brigands
  A necrophage (D:6)
  3 scorpions
  3 killer bees (D:9)
  3 howler monkeys (D:6)
  10 orc priests
  A gnoll bouda (D:6)
  A hound (D:5)
  A jelly (D:6)
  2 iguanas
  5 orc wizards
  A killer bee zombie (D:9)
  4 gnolls (D:6)
  3 adders
  2 shadow imps
  4 white imps
  4 dart slugs
  56 orcs
  5 bats
  3 endoplasms
  12 goblins
  15 hobgoblins
  9 jackals
  4 quokkas
  8 ball pythons
  6 frilled lizards
  13 kobolds
  5 rats
227 creatures vanquished.

Vanquished Creatures (collateral kills)
  2 orc warriors (Bailey)
  An ice beast (D:6)
  2 centaurs (Bailey)
  2 phantoms (D:5)
  A necrophage (D:5)
  A killer bee (D:9)
  A howler monkey (D:6)
  2 adders (D:4)
  5 orcs
  A goblin (D:1)
18 creatures vanquished.

Vanquished Creatures (others)
  A wizard (D:8)
  A death yak zombie (D:8)
  A human zombie (D:8)
  2 yak zombies (D:9)
  2 killer bee zombies (D:9)
  2 gnoll zombies (D:6)
  A kobold zombie (D:6)
  13 orc zombies
  A plant (D:4)
24 creatures vanquished.

Grand Total: 269 creatures vanquished

Notes
Turn   | Place    | Note
-------+----------+-------------------------------------------
     0 | D:1      | DuloT34 the Kobold Necromancer began the quest for the Orb.
     0 | D:1      | Reached XP level 1. HP: 10/10 MP: 3/3
   139 | D:1      | Reached XP level 2. HP: 16/16 MP: 0/5
   338 | D:1      | Reached skill level 1 in Fighting
   591 | D:1      | Reached XP level 3. HP: 20/20 MP: 4/6
  1243 | D:2      | Found a broken altar of Ashenzari.
  1434 | D:2      | Reached XP level 4. HP: 24/25 MP: 2/8
  1438 | D:2      | Learned a level 3 spell: Vampiric Draining
  1443 | D:2      | Learned a level 4 spell: Animate Dead
  1516 | D:2      | Found a faded altar of an unknown god.
  1834 | D:2      | Reached XP level 5. HP: 30/30 MP: 6/9
  3007 | D:3      | Reached XP level 6. HP: 36/36 MP: 9/11
  3370 | D:3      | Identified the +2 pair of boots "Kocvy" {Str-3 Dex+4}
  3406 | D:3      | Found a glowing silver altar of Zin.
  4048 | D:4      | Found Tairod's General Store.
  4226 | D:4      | Noticed a black bear
  4236 | D:4      | Killed a black bear
  4237 | D:4      | Reached skill level 5 in Necromancy
  4242 | D:4      | Reached XP level 7. HP: 31/41 MP: 1/12
  4645 | D:4      | Found a staircase to the Ecumenical Temple.
  4707 | Temple   | Entered the Ecumenical Temple
  4842 | D:4      | Found Zomuenus's Assorted Antiques.
  5137 | D:4      | Found Jeotuneu's Jewellery Shoppe.
  5374 | D:4      | Found Aladghaewn's Assorted Antiques.
  5676 | Temple   | Became a worshipper of Kikubaaqudgha
  5735 | D:5      | Entered Level 5 of the Dungeon
  6243 | D:5      | Reached skill level 5 in Dodging
  6417 | D:5      | Reached XP level 8. HP: 43/48 MP: 14/14
  6581 | D:5      | Reached skill level 5 in Stealth
  6759 | D:5      | Found Iwniefy's Distillery.
  6879 | D:5      | Noticed Eustachio
  6888 | D:5      | Killed Eustachio
  7271 | D:5      | Found a snail-covered altar of Cheibriados.
  7784 | D:6      | Reached skill level 5 in Spellcasting
  8263 | D:6      | Reached skill level 5 in Fighting
  8422 | D:6      | Reached XP level 9. HP: 54/54 MP: 3/17
  9112 | D:6      | Reached * piety under Kikubaaqudgha
  9112 | D:6      | Received a gift from Kikubaaqudgha
  9755 | D:6      | Learned a level 6 spell: Simulacrum
 10212 | D:7      | You fall into a shaft and drop 3 floors!
 10212 | D:10     | Entered Level 10 of the Dungeon
 10351 | D:9      | Found Aju Wono's Assorted Antiques.
 10500 | D:9      | Reached XP level 10. HP: 42/60 MP: 10/19
 10755 | D:9      | Found a large runed translucent door.
 10755 | D:9      | Found a large runed translucent door.
 11184 | D:8      | Found a flagged portal.
 11232 | Bailey   | Entered a bailey
 11503 | Bailey   | Reached ** piety under Kikubaaqudgha
 13356 | Bailey   | Identified the +2 triple sword of Arbitration {antimagic,
                  | Str+3}
 13637 | D:7      | Found a runed translucent door.
 13639 | D:7      | Found a burning altar of Makhleb.
 13639 | D:7      | Noticed a sixfirhy
 14406 | D:8      | Noticed a death yak
 14413 | D:8      | Found a staircase to the Lair.
 14413 | D:8      | Noticed a death yak
 14435 | D:7      | Killed a death yak
 14436 | D:7      | Reached skill level 10 in Dodging
 14436 | D:7      | Reached XP level 11. HP: 31/67 MP: 2/23
 15032 | D:8      | Noticed a death yak
 15034 | D:8      | Noticed a death yak
 15034 | D:8      | Noticed a death yak
 15046 | D:8      | Noticed a death yak
 15064 | D:8      | Killed a death yak
 15065 | D:8      | Reached skill level 10 in Necromancy
 15109 | D:7      | HP: 3/68 [death yak (15)]
 15110 | D:7      | HP: 1/68 [death yak (11)]
 15114 | D:7      | Killed a death yak
 15581 | D:8      | Reached *** piety under Kikubaaqudgha
 15581 | D:8      | Received a gift from Kikubaaqudgha
 15675 | D:8      | Killed a death yak
 15693 | D:8      | Demolished by a death yak

Illustrated notes

Levels and vault maps discovered:
D:1:      giann_horns, layout_basic, minmay_small_reverse_x
D:2:      layout_loops_ring, shapermc_ecumenical_altar_mp_highgroup, basic_altar
D:3:      layout_basic, zin_academy
D:4:      layout_cave_pods, minmay_temple_entry_mist, serial_shops,
          nicolae_take_the_stairs, shop, nicolae_shop_overgrown_old_shop,
          nicolae_inconvenience_store
D:5:      layout_loops_ring, amcnicky_altar_gilded, serial_shops, shop,
          uniq_eustachio
D:6:      layout_basic
D:7:      layout_loops_cross, nzn_makhleb_speed_demon
D:8:      layout_loops_corners, dpeg_lair_monsters, enter_bailey_5, uniq_psyche
D:9:      cheibrodos_barr_body, layout_rooms, mainiacjoe_overflow_boulevard,
          serial_shops, nicolae_square_shop, ebering_ghost_disaster_area,
          kennysheep_small_circle
D:10:     layout_cave_pods, old_standard_altar, overflow_temple_1_default,
          minitemple, david_orc_5
Temple:   eino_wide_crystal_templ

Skill      XL: |  1  2  3  4  5  6  7  8  9 10 11 |
---------------+----------------------------------+-----
Fighting       | 1 2 3 5 6 7 8 |  8.2
Dodging        | 3 4 5 6 8 10 | 10.9
Spellcasting   | 3 4 5 6 8 |  8.0
Stealth        | 3 4 5 |  5.0
Necromancy     | 5 6 8 9 10 | 10.3

Action                   |  1- 3 |  4- 6 |  7- 9 | 10-12 || total
-------------------------+-------+-------+-------+-------++-------
Melee: Unarmed           |     1 |       |       |       ||     1
       Dagger            |    11 |    48 |   355 |   197 ||   611
       Punch             |       |       |     5 |     6 ||    11
Throw: Throwing net      |       |     1 |       |       ||     1
 Cast: Necrotise         |    59 |    77 |    37 |   104 ||   277
       Vampiric Draining |       |    10 |    60 |    64 ||   134
       Animate Dead      |       |     1 |     9 |     7 ||    17
Invok: Unearth Wretches  |       |       |       |     1 ||     1
Evoke: Wand              |       |       |     4 |     2 ||     6
       Phial of floods   |       |       |       |     1 ||     1
  Use: Scroll            |     6 |       |     3 |     9 ||    18
       Potion            |       |       |     2 |     7 ||     9
 Stab: Sleeping          |     1 |     5 |     5 |     4 ||    15
       Distracted        |       |       |     1 |     2 ||     3
       Paralysed         |       |       |       |     1 ||     1
Armor: Robe              |     5 |    14 |   122 |    54 ||   195
Dodge: Dodged            |    18 |    44 |   390 |   321 ||   773
